 Dungeon Crawl Stone Soup version 0.29-a0-816-g82769f0e0c (webtiles) character file.

Game seed: 17674373910798119954

2846 Garessta the Transmogrifier (level 9, -10/40 HPs)
             Began as a Felid Transmuter on July 5, 2022.
             Was a Believer of Ignis.
             Mangled by a death yak (25 damage)
             ... on level 7 of the Dungeon.
             The game lasted 00:29:56 (12285 turns).

Garessta the Transmogrifier (Felid Transmuter)     Turns: 12285, Time: 00:29:57

Health: -10/40     AC:  2    Str:  6    XL:     9   Next: 46%
Magic:  14/17      EV: 22    Int: 16    God:    Ignis [**....]
Gold:   301        SH:  0    Dex: 19    Spells: 7/17 levels left
                                        Lives:  0   Deaths: 2

rFire   + . .      SeeInvis +     - Unarmed
rCold   . . .      Faith    .   (shield unavailable)
rNeg    + . .      Spirit   .   (body armour unavailable)
rPois   .          Reflect  .   (helmet unavailable)
rElec   .          Harm     .   (cloak unavailable)
rCorr   +          Rampage  .   (gloves unavailable)
Will    +....                   (boots unavailable)
Stlth   ++++......              (no amulet)
HPRegen 0.13/turn               g - ring of resist corrosion
MPRegen 0.15/turn               s - ring of positive energy

@: quick
A: very small, claws 1, fangs 3, see invisible, speed 1, shaggy fur 2, stealthy
paws, no weapons or thrown items, no armour, multi-lived
a: Renounce Religion, Fiery Armour, Foxfire Swarm, Rising Flame


You were on level 7 of the Dungeon.
You worshipped Ignis.
Ignis was pleased with you.
You visited 2 branches of the dungeon, and saw 9 of its levels.

You collected 301 gold pieces.

Inventory:

Jewellery
 g - a ring of resist corrosion (left paw)
 n - an amulet of faith
 s - a ring of positive energy (right paw)
 w - a ring of flight
 A - a ring of fire
Wands
 k - a wand of paralysis (9)
 v - a wand of flame (18) (quivered)
Scrolls
 b - 4 scrolls of teleportation {unknown}
 c - 7 scrolls of identify {unknown}
 d - 2 scrolls of vulnerability {unknown}
 i - 3 scrolls of immolation {unknown}
 j - 2 scrolls of fear {unknown}
 l - 2 scrolls of enchant weapon {unknown}
 m - a scroll of enchant armour {unknown}
 o - a scroll of noise {unknown}
 q - 3 scrolls of amnesia {unknown}
 t - 3 scrolls of summoning {unknown}
 y - 3 scrolls of poison {unknown}
 z - a scroll of acquirement {unknown}
Potions
 a - a potion of lignification
 e - 2 potions of flight {unknown}
 f - a potion of resistance
 h - a potion of magic {unknown}
 p - 4 potions of curing
 r - 2 potions of might {unknown}
 u - 2 potions of brilliance
 x - a potion of attraction {unknown}
 B - a potion of berserk rage {unknown}
 C - 2 potions of degeneration {unknown}


   Skills:
 + Level 5.3 Fighting
 + Level 6.9 Dodging
 + Level 6.8 Stealth
 + Level 6.2 Unarmed Combat
 + Level 4.8 Spellcasting
 + Level 8.0 Transmutations
 - Level 4.1 Ice Magic
 - Level 1.2 Poison Magic


You had 7 spell levels left.
You knew the following spells:

 Your Spells              Type           Power      Damage    Failure   Level
a - Beastly Appendage     Tmut           58%        N/A       1%          1
b - Wereblood             Tmut           29%        N/A       1%          2
c - Spider Form           Tmut/Pois      18%        N/A       7%          3
d - Ice Form              Ice/Tmut       23%        N/A       13%         4

Your spell library contained the following spells:

 Spells                   Type           Power      Damage    Failure   Level
 Ozocubu's Armour         Ice            17%        N/A       9%          3
 Metabolic Englaciation   Hex/Ice        5%         N/A       88%         5
 Simulacrum               Ice/Necr       5%         N/A       100%        6


Dungeon Overview and Level Annotations

Branches:
Dungeon (8/15)             Temple (1/1) D:7            Lair (0/6) D:8

Altars:
Ashenzari
Cheibriados
Dithmenos
Elyvilon
Gozag
Hepliaklqana
Kikubaaqudgha
Makhleb
Nemelex Xobeh
Okawaru
Qazlal
Ru
Sif Muna
Trog
Uskayaw
Vehumet
Wu Jian
Xom
Yredelemnul
Zin
The Shining One
Ignis

Shops:
D:7 (

Annotations:
D:4 statue
D:5 2 transporters, Menkaure


Innate Abilities, Weirdness & Mutations

You have sharp claws.
You have razor-sharp teeth.
You have supernaturally acute eyesight. (SInv)
You cover ground quickly. (Speed+)
You are covered in thick fur. (AC +2)
Your paws help you pounce on unaware monsters.
You are incapable of wielding weapons or throwing items.
You cannot wear armour.
You gain extra lives every three experience levels.


Message History

The death yak bellows!
There is a stone staircase leading up here.
Aiming: Throw Flame
Press: ? - help, Shift-Dir - straight line, f - death yak
Aim: a death yak (89% to hit)
The puff of flame hits the death yak.
The death yak is lightly wounded.
You hear a bellow!
The puff of flame hits the death yak!
The death yak is lightly wounded.
The puff of flame hits the death yak.
The death yak is lightly wounded.
The puff of flame hits the death yak.
The death yak is lightly wounded.
Casting: Ice Form (quite dangerous; 13% risk of failure)
Confirm with . or Enter, or press ? or * to list all spells.
The spell is quite dangerous to miscast (13% risk of failure)!
Continue anyway?
You turn into a creature of crystalline ice.
The puff of flame hits the death yak.
The death yak is moderately wounded.
The death yak barely misses you.
You climb upwards.
There is a stone staircase leading down here.
Aiming: Paralyse
Press: ? - help, Shift-Dir - straight line, f - death yak
Aim: a death yak (moderately wounded, chance to affect: 1%)
Okay, then.
You hit the death yak but do no damage.
The death yak is moderately wounded.
The death yak gores you but does no damage.
You hit the death yak. You freeze the death yak.
The death yak is moderately wounded.
The death yak gores you!
You hit the death yak but do no damage.
The death yak is moderately wounded.
The death yak gores you!!
You warm up again.
The death yak gores you!!
Ouch! That really hurt!
You die...

##################
#......##........#########
#......##.................
#......##.######.#########
#......##.# #.# ###
#......##.######.#######..
#..(.....@................
#...)).##Y###.##.......#.#
#####.....# #...######.#.#
#....######.######)#..
#[#.........#......[..
###.#.##...####.####.###
#......#.#.# #.####.#
#........#.####.#....###
#.............#.##.#....


You could see a death yak.

Vanquished Creatures
  A death yak (D:7)
  Maggie (D:7)
  A hornet (D:7)
  A wyvern (D:7)
  A steam dragon (D:7)
  A water moccasin (D:7)
  A black bear (D:5)
  An ice beast (D:5)
  A centaur (D:7)
  2 ogres (D:6)
  A kobold brigand (D:7)
  A gnoll sergeant (D:7)
  A bullfrog (D:8)
  2 scorpions (D:5)
  A necrophage (D:6)
  4 wights (D:7)
  5 killer bees (D:7)
  A howler monkey (D:5)
  7 hounds
  2 gnoll boudas
  6 orc priests
  Natasha (thrice) (D:3)
  6 iguanas
  5 orc wizards
  2 hell rats (D:7)
  A statue (D:4)
  9 adders
  10 gnolls
  2 river rats (D:7)
  A white imp (D:5)
  An ufetubus (D:6)
  3 dart slugs
  26 orcs
  5 endoplasms
  6 giant cockroaches
  6 goblins
  13 hobgoblins
  4 jackals (D:2)
  14 kobolds
  6 quokkas
  11 ball pythons
  6 bats
  7 frilled lizards
  8 rats
197 creatures vanquished.

Vanquished Creatures (others)
  21 foxfires (D:8)
21 creatures vanquished.

Grand Total: 218 creatures vanquished

Notes
Turn   | Place    | Note
-------+----------+-------------------------------------------
     0 | D:1      | Garessta the Felid Transmuter began the quest for the Orb.
     0 | D:1      | Reached XP level 1. HP: 9/9 MP: 4/4
   110 | D:1      | Reached XP level 2. HP: 10/12 MP: 3/6
   122 | D:1      | Learned a level 2 spell: Wereblood
   833 | D:1      | Reached XP level 3. HP: 16/16 MP: 4/7
   838 | D:1      | Learned a level 3 spell: Spider Form
   890 | D:1      | Found a faded altar of an unknown god.
   902 | D:1      | Prayed at the altar of an unknown god.
   902 | D:1      | Became a worshipper of Ignis, the Dying Flame
  1371 | D:2      | Reached skill level 1 in Poison Magic
  1484 | D:2      | Found a shimmering blue altar of Sif Muna.
  1788 | D:2      | Reached XP level 4. HP: 19/19 MP: 6/8
  1816 | D:2      | Reached skill level 3 in Transmutations
  1870 | D:2      | Reached skill level 1 in Ice Magic
  2612 | D:3      | Reached XP level 5. HP: 17/22 MP: 7/9
  2720 | D:3      | Noticed Natasha
  2746 | D:3      | Killed Natasha
  3013 | D:3      | Identified the +4 dagger "Lissy" {vorpal, *Slow rF+ Str+5}
  3194 | D:3      | Noticed Natasha
  3201 | D:3      | Killed Natasha
  3202 | D:3      | Reached skill level 4 in Transmutations
  3566 | D:3      | Noticed Natasha
  3577 | D:3      | Killed Natasha
  4083 | D:4      | Found an iron altar of Okawaru.
  4229 | D:4      | Gained mutation: You are covered in thick fur. (AC +2)
                  | [Felid growth]
  4229 | D:4      | Reached XP level 6. HP: 19/26 MP: 4/10
  4290 | D:4      | Found a radiant altar of Vehumet.
  4975 | D:4      | Reached skill level 5 in Transmutations
  5429 | D:4      | Found a burning altar of Makhleb.
  5470 | D:5      | Entered Level 5 of the Dungeon
  5524 | D:5      | Noticed an ice beast
  5539 | D:5      | Killed an ice beast
  5739 | D:5      | Found an ancient bone altar of Kikubaaqudgha.
  5740 | D:5      | Noticed Menkaure
  5741 | D:5      | Found a basalt altar of Yredelemnul.
  5741 | D:5      | Noticed a vampire
  5762 | D:5      | Reached XP level 7. HP: 2/30 MP: 8/11
  6056 | D:5      | Found a transporter.
  6429 | D:5      | Learned a level 4 spell: Ice Form
  6474 | D:5      | Reached skill level 6 in Transmutations
  6485 | D:5      | Reached skill level 1 in Stealth
  6567 | D:5      | Killed from afar by an orc priest
  6568 | D:5      | Reached XP level 6. HP: 0/27 MP: 4/10
  6777 | D:5      | Found a transporter.
  7079 | D:5      | Found a broken altar of Ashenzari.
  7406 | D:5      | Reached XP level 7. HP: 30/30 MP: 6/11
  8147 | D:6      | Found a shadowy altar of Dithmenos.
  9246 | D:6      | Reached XP level 8. HP: 34/34 MP: 9/13
  9684 | D:6      | Found a hazy altar of Hepliaklqana.
  9708 | D:6      | Found an opulent altar of Gozag.
  9714 | D:6      | Found an ornate altar of the Wu Jian Council.
  9717 | D:6      | Found a snail-covered altar of Cheibriados.
  9896 | D:7      | Reached skill level 5 in Dodging
  9899 | D:7      | Reached skill level 7 in Transmutations
 10163 | D:7      | HP: 1/43 [killer bee (3)]
 10163 | D:7      | Slain by a killer bee
 10164 | D:7      | Reached XP level 7. HP: -2/37 MP: 9/13
 10190 | D:7      | Reached skill level 5 in Unarmed Combat
 10431 | D:7      | Reached XP level 8. HP: 29/36 MP: 10/14
 10434 | D:7      | Reached skill level 5 in Stealth
 10502 | D:7      | Found a staircase to the Ecumenical Temple.
 10511 | Temple   | Entered the Ecumenical Temple
 10824 | D:7      | Found Yzuqang's Weapon Shop.
 11120 | D:8      | Noticed a death yak
 11123 | D:8      | Noticed a hornet
 11124 | D:8      | Noticed a death yak
 11129 | D:8      | Noticed a death yak
 11149 | D:7      | Killed a death yak
 11384 | D:7      | Killed a hornet
 11385 | D:7      | Reached skill level 5 in Fighting
 11385 | D:7      | Reached XP level 9. HP: 24/40 MP: 12/16
 11654 | D:8      | Noticed Maggie
 11681 | D:7      | Killed Maggie
 11955 | D:7      | Reached skill level 8 in Transmutations
 12248 | D:8      | Found a staircase to the Lair.
 12285 | D:7      | Mangled by a death yak

Illustrated notes

Levels and vault maps discovered:
D:1:      tarquinn_simple_flora_water_b, layout_rooms,
          ebering_ecumenical_altar_abandoned
D:2:      kennysheep_big_flooded_room, layout_rooms, basic_altar
D:3:      layout_rooms, roderic_roman_lattice, grunt_ministairs_3, uniq_natasha
D:4:      layout_basic, vehumet_statue, lightli_temple_of_fire,
          mainiacjoe_overflow_concentric_impassable, serial_corexii_hall,
          chequers_hall_statues_y, corexii_hall_statues_l,
          corexii_hall_statues_s, chequers_hall_statues_wall_a,
          chequers_hall_statues_corner_a, chequers_hall_statues_corner_a,
          corexii_shack
D:5:      layout_loops_corners, gammafunk_temple_of_torment,
          nicolae_overflow_crystal_walls, grunt_ministairs_10,
          minmay_crystal_room, kennysheep_path_1,
          minmay_fractal_squares_diagonal_5
D:6:      layout_loops_cross, grunt_dithmenos_smoke_and_mirrors, minitemple,
          general_overflow_altar, corexii_hall_statues_l
D:7:      layout_basic, minmay_temple_entry_mist, serial_shops,
          kennysheep_little_box
D:8:      layout_rooms, dpeg_lair_monsters, nicolae_shop_firing_range,
          uniq_maggie, uniq_gastronok
Temple:   hellmonk_temple_beads

Skill      XL: |  1  2  3  4  5  6  7  8  9 |
---------------+----------------------------+-----
Fighting       | 2 4 5 |  5.3
Poison Magic   | 1 |  1.2
Transmutations | 3 4 5 6 7 8 |  8.0
Ice Magic      | 1 2 3 4 |  4.1
Dodging        | 4 6 |  6.9
Stealth        | 2 3 6 |  6.8
Unarmed Combat | 4 5 6 |  6.2
Spellcasting   | 3 4 |  4.8

Action                   |  1- 3 |  4- 6 |  7- 9 || total
-------------------------+-------+-------+-------++-------
Melee: Unarmed           |   111 |   216 |   258 ||   585
       Bite              |    11 |    16 |       ||    27
       Headbutt          |     8 |    20 |       ||    28
       Punch             |     7 |     2 |     2 ||    11
 Cast: Beastly Appendage |    32 |    36 |     1 ||    69
       Wereblood         |     4 |     3 |    14 ||    21
       Spider Form       |       |    10 |     5 ||    15
       Ice Form          |       |     5 |    30 ||    35
Invok: Fiery Armour      |       |     1 |     5 ||     6
       Foxfire Swarm     |       |       |     1 ||     1
 Abil: End Transformatio |       |       |     3 ||     3
Evoke: Wand              |       |       |     8 ||     8
  Use: Potion            |       |     2 |     6 ||     8
 Stab: Sleeping          |     3 |     3 |     3 ||     9
       Distracted        |       |       |     1 ||     1
Armor: Skin              |     5 |    22 |    77 ||   104
Dodge: Dodged            |    83 |   193 |   212 ||   488

Table legend: (Time is in decaauts)
 A = Elapsed time spent in this place.
 B = Non-inter-level travel time spent in this place.
 C = Inter-level travel time spent in this place.
 D = Time resting spent in this place.
 E = Time spent auto-exploring this place.
 F = Levels seen in this place.
 G = Mean time per level.
                   A        B        C        D        E       F      G
               +--------+--------+--------+--------+--------+-----+--------+
         Total |  11294 |  10985 |    309 |   2087 |   7238 |   9 | 1254.9 |
       Dungeon |  11205 |  10896 |    309 |   2087 |   7169 |   8 | 1400.6 |
        Temple |     88 |     88 |      0 |      0 |     69 |   1 |   88.0 |
               +--------+--------+--------+--------+--------+-----+--------+

Top non-repeatable levels by time:
     D:5: 2393 daAuts
     D:7: 2194 daAuts
     D:4: 1689 daAuts
     D:3: 1506 daAuts
     D:2: 1206 daAuts
     D:6: 1195 daAuts
     D:1: 900 daAuts
     D:8: 120 daAuts
  Temple: 88 daAuts
